[Event "Titled Tuesday Blitz August 24 2021"]
[White "Gubajdullin, Alexei"]
[Black "Tanenbaum, Zachary"]
[WhiteFideId "4141202"]
[BlackFideId "2060850"]
[WhiteElo "2358"]
[BlackElo "2165"]
[Result "0-1"]
[Round "07"]
[TimeControl "180+1"]
[Date "2021.08.24"]
[WhiteClock "0:01:19"]
[BlackClock "0:00:23"]

1. d4 d5 2. Bf4 Nf6 3. e3 c5 4. c3 Nc6 5. Nd2 Qb6 6. Qb3 c4 7. Qc2 g6 8. e4 dxe4 9. Nxc4 Qd8 10. Ne2 Bf5 11. Ng3 Rc8 12. Nxf5 gxf5 13. Rd1 b5 14. Ne5 a6 15. Qb3 e6 16. a4 b4 17. Bxa6 Nd7 18. Bxc8 Ndxe5 19. Bxe5 Nxe5 20. dxe5 Qxc8 21. cxb4 Qb8 22. Qc4 Bxb4+ 23. Kf1 O-O 24. Qb5 Qxb5+ 25. axb5 Rb8 26. h4 Rxb5 27. Rd8+ Kg7 28. h5 Rxe5 29. h6+ Kf6 30. Rh8 Rc5 31. Rh3 Rc1+ 32. Ke2 Re1# 0-1


[Site "https://www.chess.com"]

[Event "Titled Tuesday Blitz August 24 2021"]
[White "Harshavardhan G B"]
[Black "Aradhya, Garg"]
[WhiteFideId "25059009"]
[BlackFideId "25006746"]
[WhiteElo "1825"]
[BlackElo "2146"]
[Result "1-0"]
[Round "07"]
[TimeControl "180+1"]
[Date "2021.08.24"]
[WhiteClock "0:00:32"]
[BlackClock "0:00:14"]

1. f4 d5 2. Nf3 Nf6 3. g3 g6 4. Bg2 Bg7 5. O-O O-O 6. d3 c5 7. Nbd2 Nc6 8. c3 Ng4 9. Nb3 Qb6 10. e3 a5 11. h3 Nh6 12. a4 Nf5 13. Kh2 Nd6 14. d4 cxd4 15. Nfxd4 e6 16. Nd2 Bd7 17. b3 Rfd8 18. Ba3 Be8 19. N2f3 Ne4 20. Rc1 Rac8 21. Qd3 Bf8 22. Bxf8 Kxf8 23. Nxc6 bxc6 24. Ne5 Qxb3 25. Qe2 Qxa4 26. Qg4 Kg7 27. Qh4 Nd6 28. Ng4 Nf5 29. Qf6+ Kg8 30. c4 h5 31. Ne5 Nxe3 32. cxd5 Qa2 33. Rg1 cxd5 34. Rxc8 Rxc8 35. Nxg6 Kh7 36. Nf8+ Kg8 37. Nxe6 fxe6 38. Qxe6+ Kg7 39. Qxc8 Bf7 40. Qc3+ 1-0


[Site "https://www.chess.com"]

[Event "Titled Tuesday Blitz August 24 2021"]
[White "Hovhannisyan, Robert"]
[Black "Drozdowski, Kacper"]
[WhiteFideId "13302507"]
[BlackFideId "1136720"]
[WhiteElo "2669"]
[BlackElo "2507"]
[Result "1/2-1/2"]
[Round "07"]
[TimeControl "180+1"]
[Date "2021.08.24"]
[WhiteClock "0:00:37"]
[BlackClock "0:01:00"]

1. Nc3 d5 2. Nf3 Nf6 3. d3 Nc6 4. g3 g6 5. Bg2 Bg7 6. O-O O-O 7. e4 dxe4 8. dxe4 Bg4 9. h3 Bxf3 10. Bxf3 Nd7 11. Nd5 e6 12. Ne3 Nc5 13. c3 Qd3 14. Qxd3 Nxd3 15. Be2 Rfd8 16. Rd1 Nxc1 17. Raxc1 Rxd1+ 18. Rxd1 Rd8 19. Rxd8+ Nxd8 20. f4 Kf8 21. e5 Ke7 22. h4 f6 23. exf6+ Bxf6 24. Kf2 Nf7 25. a4 c6 26. h5 e5 27. hxg6 hxg6 28. f5 gxf5 29. Nxf5+ Ke6 30. g4 Nd6 31. Nxd6 Kxd6 32. Kf3 Bg5 33. Ke4 Bc1 34. b3 Bd2 35. c4 Ke6 36. Bd3 a5 37. Kf3 Kf6 38. Bf5 b6 39. Ke4 c5 40. Kd5 Bb4 41. Bd3 Kg5 42. Be2 Kf6 43. Bf3 Bc3 44. Kc6 Kg5 45. Kxb6 Bb4 46. Kc6 e4 1/2-1/2


[Site "https://www.chess.com"]

[Event "Titled Tuesday Blitz August 24 2021"]
[White "Ibadov, Dashgyn"]
[Black "Nazaretyan, Tigran"]
[WhiteFideId "24107514"]
[BlackFideId "24162345"]
[WhiteElo "2102"]
[BlackElo "2167"]
[Result "0-1"]
[Round "07"]
[TimeControl "180+1"]
[Date "2021.08.24"]
[WhiteClock "0:00:29"]
[BlackClock "0:01:02"]

1. e4 c5 2. Nf3 Nc6 3. d3 g6 4. Nbd2 Bg7 5. g3 Nf6 6. Bg2 d5 7. O-O O-O 8. Re1 e5 9. exd5 Nxd5 10. Nc4 Re8 11. a4 h6 12. c3 Qc7 13. Nfxe5 Nxe5 14. Bxd5 Bg4 15. Qc2 Nxc4 16. Rxe8+ Rxe8 17. dxc4 Re1+ 18. Kg2 Qe7 19. Ra3 Bf5 20. Qd2 Be4+ 21. Bxe4 Qxe4+ 22. Kh3 g5 23. Qd8+ Kh7 24. Be3 g4+ 25. Kh4 Qf5 0-1


[Site "https://www.chess.com"]

[Event "Titled Tuesday Blitz August 24 2021"]
[White "Idani, Pouya"]
[Black "Kavyev, Ruslan"]
[WhiteFideId "12510130"]
[BlackFideId "34110981"]
[WhiteElo "2610"]
[BlackElo "2172"]
[Result "0-1"]
[Round "07"]
[TimeControl "180+1"]
[Date "2021.08.24"]
[WhiteClock "0:00:04"]
[BlackClock "0:01:21"]

1. e4 d5 2. exd5 Nf6 3. Bb5+ Bd7 4. Bc4 Bf5 5. Nc3 Nbd7 6. d3 Nb6 7. Qf3 Bg4 8. Qg3 Bf5 9. Qe5 Nxc4 10. dxc4 Bxc2 11. Nge2 Bd3 12. b3 Bxe2 13. Qxe2 g6 14. O-O Bg7 15. Re1 O-O 16. Ba3 Re8 17. Rad1 Qc8 18. Qf3 e6 19. d6 cxd6 20. Nb5 Qc6 21. Nxd6 Qxf3 22. gxf3 Re7 23. Nf5 Rc7 24. Nxg7 Kxg7 25. Bb2 g5 26. f4 g4 27. Re5 h6 28. f5 Re8 29. Rde1 Rc6 30. Rb5 b6 31. Kg2 h5 32. fxe6 Rcxe6 33. Rxe6 Rxe6 34. Rxh5 Kg6 35. Re5 Rd6 36. Re2 Nh5 37. Be5 Re6 38. Kf1 a6 39. Bc7 Rc6 40. Bg3 b5 41. cxb5 axb5 42. Re5 f5 43. Rxb5 f4 44. Bh4 f3 45. Ke1 Nf4 46. Rg5+ Kh6 47. Rxg4 Ng2+ 48. Kd2 Kh5 49. Rg3 Nxh4 50. a4 Re6 0-1


[Site "https://www.chess.com"]

[Event "Titled Tuesday Blitz August 24 2021"]
[White "Iskusnyh, Sergei"]
[Black "Devaev, Alexander"]
[WhiteFideId "4120027"]
[BlackFideId "4169395"]
[WhiteElo "2492"]
[BlackElo "2185"]
[Result "1-0"]
[Round "07"]
[TimeControl "180+1"]
[Date "2021.08.24"]
[WhiteClock "0:00:04"]
[BlackClock "0:00:07"]

1. d4 Nf6 2. c4 e6 3. g3 c5 4. Nf3 cxd4 5. Nxd4 Nc6 6. Bg2 Be7 7. O-O O-O 8. Nc3 Ne5 9. b3 d6 10. Bb2 a6 11. Rc1 Qc7 12. h3 Rb8 13. f4 Ng6 14. Kh2 Re8 15. e4 Bf8 16. Qd2 b6 17. Rfd1 Bb7 18. Qd3 Ba8 19. Re1 Rbc8 20. Nf3 Nd7 21. Qe2 h6 22. Nd4 Qb8 23. Qh5 Nc5 24. Rcd1 e5 25. fxe5 Nxe5 26. Ba1 g6 27. Qe2 Bg7 28. Qf2 Ncd3 29. Qf1 Nxe1 30. Qxe1 Nd7 31. Qf2 Nc5 32. Nd5 Bxd5 33. exd5 Qc7 34. Rf1 Nd3 35. Qf3 Ne5 36. Qf2 Rb8 37. Nc6 Rbc8 38. a4 Nxc6 39. dxc6 Bxa1 40. Rxa1 Re5 41. Bd5 Rce8 42. Ra2 Qe7 43. Qf3 Kg7 44. Rf2 f5 45. h4 a5 46. Qf4 Re2 47. Kg2 Rxf2+ 48. Qxf2 Qe5 49. Qxb6 Qe2+ 50. Qf2 Qd1 51. Qb2+ Kh7 52. Bf3 Qe1 53. Qf6 Re7 54. h5 gxh5 55. Qxf5+ Kg7 56. Bxh5 Qd2+ 57. Kh3 Qg5 58. Qxg5+ hxg5 59. Bg4 Kf6 60. Bd7 Ke5 61. c7 Rh7+ 62. Kg4 Rh8 63. c8=Q Kd4 64. Qxh8+ 1-0


[Site "https://www.chess.com"]

[Event "Titled Tuesday Blitz August 24 2021"]
[White "Jakubowski, Krzysztof"]
[Black "Reprintsev, Alexander"]
[WhiteFideId "1112848"]
[BlackFideId "14100541"]
[WhiteElo "2414"]
[BlackElo "2126"]
[Result "1-0"]
[Round "07"]
[TimeControl "180+1"]
[Date "2021.08.24"]
[WhiteClock "0:00:07"]
[BlackClock "0:00:01"]

1. d4 d5 2. c4 e5 3. dxe5 d4 4. a3 Nc6 5. e3 Nge7 6. b4 Bf5 7. b5 Nxe5 8. exd4 Ng4 9. h3 Nf6 10. Nc3 a6 11. g4 Be4 12. f3 Bg6 13. Bf4 c6 14. bxa6 Rxa6 15. Nge2 h5 16. g5 Nd7 17. Ng3 h4 18. Nge4 Nf5 19. c5 Ra8 20. Bc4 Be7 21. O-O O-O 22. Ra2 b6 23. Rd2 Qc8 24. Nd6 Bxd6 25. cxd6 Re8 26. Re1 Rxe1+ 27. Qxe1 c5 28. d5 Rxa3 29. Re2 Kh7 30. Re8 Qb7 31. Nb5 Rxf3 32. Bh2 Nd4 33. Kh1 Nxb5 34. Bxb5 Qxd5 35. Kg1 Ra3 36. Re3 Rxe3 37. Qxe3 1-0


[Site "https://www.chess.com"]

[Event "Titled Tuesday Blitz August 24 2021"]
[White "Janaszak, Dawid"]
[Black "Viani Antonio Dcunha"]
[WhiteFideId "1119206"]
[BlackFideId "5027330"]
[WhiteElo "2332"]
[BlackElo "2366"]
[Result "1-0"]
[Round "07"]
[TimeControl "180+1"]
[Date "2021.08.24"]
[WhiteClock "0:00:04"]
[BlackClock "0:00:02"]

1. e4 e5 2. Nf3 Nc6 3. Bb5 a6 4. Ba4 Nf6 5. Bxc6 dxc6 6. d3 Bg4 7. Nbd2 Bd6 8. h3 Bh5 9. g4 Bg6 10. Nc4 Nd7 11. Qe2 Qe7 12. Bd2 O-O-O 13. O-O-O Nf8 14. Bc3 f6 15. Ne3 Ne6 16. Nf5 Bxf5 17. gxf5 Nf4 18. Qd2 c5 19. Kb1 g6 20. Nh4 Rdg8 21. Qe3 g5 22. Nf3 h5 23. Rdg1 b6 24. b3 Kb7 25. a4 c6 26. Ka2 b5 27. Qd2 Qf7 28. Ka1 Ka7 29. a5 Qc7 30. Kb1 Kb7 31. Ne1 Qd8 32. Ng2 Nxg2 33. Rxg2 b4 34. Bb2 Qxa5 35. h4 g4 36. f3 gxf3 37. Rg6 Rxg6 38. fxg6 Rg8 39. Rg1 Qc7 40. Qf2 c4 41. bxc4 Qe7 42. Qxf3 Bc5 43. Rg2 Bd4 44. Qxh5 Bxb2 45. Kxb2 Kb6 46. Qf5 c5 47. h5 Qd6 48. h6 Qd4+ 49. Kb1 Qe3 50. Qf2 Qxh6 51. Qg1 Rg7 52. Kb2 Qf4 53. Rg4 Qf3 54. Rg3 Qf4 55. Rg4 Qd2 56. Rg2 Qc3+ 57. Kb1 a5 58. Qf1 a4 59. Qxf6+ Ka5 60. Qc6 Qe1+ 61. Ka2 b3+ 62. cxb3 axb3+ 63. Kb2 Rb7 64. Qxb7 1-0


[Site "https://www.chess.com"]

[Event "Titled Tuesday Blitz August 24 2021"]
[White "Jeet, Jain"]
[Black "Murzin, Volodar"]
[WhiteFideId "5073022"]
[BlackFideId "44155573"]
[WhiteElo "2085"]
[BlackElo "2541"]
[Result "0-1"]
[Round "07"]
[TimeControl "180+1"]
[Date "2021.08.24"]
[WhiteClock "0:02:19"]
[BlackClock "0:02:51"]

1. e4 c6 2. d4 d5 3. e5 Bf5 4. h4 h5 5. Bd3 Bxd3 6. Qxd3 Qa5+ 7. Nd2 e6 8. Nf3 Nh6 9. O-O Nf5 10. Rd1 Be7 11. g3 O-O 12. b3 Rd8 13. Nf1 c5 14. Ne3 Nxd4 15. Nxd4 cxd4 16. Qxd4 Nc6 17. Qf4 Qc3 18. Bd2 Qxe5 19. Qxe5 Nxe5 20. Ng2 Rac8 21. Rac1 Ba3 22. Rb1 Rxc2 23. b4 Nf3+ 0-1


[Site "https://www.chess.com"]

[Event "Titled Tuesday Blitz August 24 2021"]
[White "Jin, Ashton"]
[Black "Tsaruk, Maksim"]
[WhiteFideId "30931908"]
[BlackFideId "13511173"]
[WhiteElo "2489"]
[BlackElo "2184"]
[Result "0-1"]
[Round "07"]
[TimeControl "180+1"]
[Date "2021.08.24"]
[WhiteClock "0:01:12"]
[BlackClock "0:01:50"]

1. e4 e6 2. d4 d5 3. e5 c5 4. c3 Nc6 5. Nf3 Qb6 6. a3 c4 7. Nbd2 Na5 8. Be2 Bd7 9. O-O Ne7 10. Rb1 Nc8 11. Ne1 Qc7 12. f4 Nb6 13. Bg4 Ba4 14. Qf3 g6 15. Bh3 h5 16. Kh1 O-O-O 17. Qe2 Kb8 18. Nef3 Bc2 19. Ra1 Bd3 20. Qf2 Bxf1 21. Nxf1 Nb3 22. Rb1 Nxc1 23. Rxc1 Qd7 24. Ng5 Bh6 25. Ne3 Qe7 26. Nf3 Bxf4 27. Rf1 Na4 28. g3 Bxe3 29. Qxe3 Nxb2 30. Ng5 Rhf8 31. Nh7 Rh8 32. Ng5 Rdf8 33. Rf6 h4 34. Qf2 Nd3 35. Qf3 hxg3 36. hxg3 Qxa3 37. Nxe6 Rxh3+ 38. Kg2 Ne1+ 39. Kxh3 Nxf3 40. Nxf8 Qxf8 41. Rxf3 a5 0-1


[Site "https://www.chess.com"]

[Event "Titled Tuesday Blitz August 24 2021"]
[White "Karttunen, Mika"]
[Black "Purtseladze, Maka"]
[WhiteFideId "502081"]
[BlackFideId "13602659"]
[WhiteElo "2343"]
[BlackElo "2178"]
[Result "1/2-1/2"]
[Round "07"]
[TimeControl "180+1"]
[Date "2021.08.24"]
[WhiteClock "0:00:02"]
[BlackClock "0:00:09"]

1. c4 e6 2. Nc3 Bb4 3. e4 Bxc3 4. dxc3 e5 5. Qg4 Qf6 6. f4 exf4 7. Bxf4 Nh6 8. Qg3 d6 9. e5 dxe5 10. Bxe5 Nf5 11. Bxf6 Nxg3 12. hxg3 gxf6 13. Bd3 f5 14. O-O-O Nc6 15. Re1+ Kf8 16. Nf3 Be6 17. Ng5 Re8 18. Nxh7+ Kg7 19. Ng5 Rxh1 20. Rxh1 Ne5 21. Nxe6+ fxe6 22. Be2 Rg8 23. Kd2 Kf6 24. Rh6+ Ke7 25. Rh7+ Kd6 26. Rh3 b6 27. b3 a5 28. Ke3 Ng4+ 29. Bxg4 Rxg4 30. Kf3 Kc5 31. Rh1 e5 32. Rd1 e4+ 33. Kf2 f4 34. Rd5+ Kc6 35. gxf4 Rxf4+ 36. Ke3 Rg4 37. Rd2 Kc5 38. Re2 Kd6 39. Kd4 c5+ 40. Ke3 Ke5 41. a4 Rg3+ 42. Kd2 Rd3+ 43. Kc2 Rg3 44. Rd2 e3 45. Re2 Ke4 46. Kd1 Kd3 47. Ke1 Kxc3 48. Kf1 Kxb3 49. Re1 Kxc4 50. Rb1 Kd3 51. Rxb6 c4 52. Rd6+ Kc2 53. Ke2 c3 54. Rd5 Rxg2+ 55. Kxe3 Rg3+ 56. Ke2 Rg4 57. Rxa5 Re4+ 58. Kf3 Re1 59. Ra8 Kc1 60. a5 c2 61. a6 Re6 62. a7 Rd6 63. Rc8 Ra6 64. a8=Q Rxa8 65. Rxa8 Kd2 66. Rd8+ Ke1 67. Re8+ Kd2 68. Rd8+ Ke1 69. Rc8 Kd2 70. Rxc2+ Kxc2 1/2-1/2


[Site "https://www.chess.com"]

[Event "Titled Tuesday Blitz August 24 2021"]
[White "Khodzhamkuliev, Bahadur"]
[Black "Ibarra Jerez, Jose Carlos"]
[WhiteFideId "24135046"]
[BlackFideId "2226332"]
[WhiteElo "2130"]
[BlackElo "2602"]
[Result "0-1"]
[Round "07"]
[TimeControl "180+1"]
[Date "2021.08.24"]
[WhiteClock "0:00:07"]
[BlackClock "0:00:06"]

1. Nf3 d5 2. c4 d4 3. d3 Nc6 4. g3 e5 5. Bg2 Bb4+ 6. Bd2 a5 7. O-O Nf6 8. Bxb4 axb4 9. Nbd2 O-O 10. a3 bxa3 11. Rxa3 Rxa3 12. bxa3 Qe7 13. Qb3 Nd7 14. Ne1 Nc5 15. Qb5 Nd8 16. Nb3 Nde6 17. Nxc5 Nxc5 18. Nc2 Bd7 19. Qa5 b6 20. Qa7 Bg4 21. f3 Bf5 22. Nb4 Be6 23. f4 exf4 24. gxf4 Bg4 25. Rf2 Qe3 26. Qxc7 Bxe2 27. Nd5 Qc1+ 28. Bf1 Bxd3 29. Qe7 Bxf1 30. Rxf1 Qxc4 31. Qd6 Re8 32. Rf2 Qc1+ 33. Kg2 Qe1 34. Rf3 Qe2+ 35. Rf2 Qxf2+ 36. Kxf2 Ne4+ 37. Kf3 Nxd6 38. Nc7 0-1


[Site "https://www.chess.com"]

[Event "Titled Tuesday Blitz August 24 2021"]
[White "Kholin, Aleksandr"]
[Black "Tarigan, Gilbert Elroy"]
[WhiteFideId "14202190"]
[BlackFideId "7108133"]
[WhiteElo "2449"]
[BlackElo "1908"]
[Result "0-1"]
[Round "07"]
[TimeControl "180+1"]
[Date "2021.08.24"]
[WhiteClock "0:00:10"]
[BlackClock "0:01:00"]

1. e4 b6 2. d4 c5 3. d5 e5 4. c4 d6 5. Bd3 Be7 6. Nc3 Bg5 7. Nf3 Bxc1 8. Rxc1 Ne7 9. h3 O-O 10. O-O h6 11. Kh2 f5 12. exf5 Bxf5 13. Nh4 Bxd3 14. Qxd3 Nd7 15. Ne4 Nf6 16. Nxf6+ Rxf6 17. g3 Qf8 18. Qe2 Qf7 19. Rce1 Rf8 20. f4 exf4 21. Qxe7 fxg3+ 22. Kxg3 Rxf1 23. Qxf7+ R8xf7 24. Re8+ Kh7 25. Re6 g5 26. Ng2 R1f3+ 27. Kh2 R3f6 28. Re8 Rf2 29. Kg3 R7f3+ 30. Kh2 Rxb2 31. Re7+ Kg6 32. Re6+ Rf6 33. Re7 Rff2 34. Re6+ Kh5 35. Rxd6 Rxg2+ 36. Kh1 Rgc2 0-1


[Site "https://www.chess.com"]

[Event "Titled Tuesday Blitz August 24 2021"]
[White "Kobalia, Mikhail"]
[Black "Ulko, Jaroslav"]
[WhiteFideId "4119150"]
[BlackFideId "4116658"]
[WhiteElo "2569"]
[BlackElo "2304"]
[Result "1-0"]
[Round "07"]
[TimeControl "180+1"]
[Date "2021.08.24"]
[WhiteClock "0:00:59"]
[BlackClock "0:00:14"]

1. e4 e5 2. Nf3 d6 3. d4 exd4 4. Qxd4 a6 5. Bg5 Nc6 6. Qc3 Nf6 7. Bxf6 Qxf6 8. Qxf6 gxf6 9. Nc3 f5 10. Nd5 Kd8 11. Ng5 Be6 12. Nf4 Ke7 13. exf5 Bxf5 14. Nd5+ Kd7 15. Nxf7 Rg8 16. h4 Bg7 17. O-O-O h6 18. Bc4 Na5 19. Nxd6 cxd6 20. Nb6+ Kc6 21. Bxg8 Rxg8 22. Nd5 Re8 23. Nb4+ Kd7 24. Rhe1 Nc4 25. c3 Rc8 26. Nd5 Rc5 27. Re7+ Kc6 28. Rc7+ Kb5 29. Rxb7+ Ka4 30. Rxg7 1-0


[Site "https://www.chess.com"]

[Event "Titled Tuesday Blitz August 24 2021"]
[White "Kononenko, Dmitry"]
[Black "Girinath, P.D.S."]
[WhiteFideId "14113538"]
[BlackFideId "5000572"]
[WhiteElo "2276"]
[BlackElo "2333"]
[Result "1/2-1/2"]
[Round "07"]
[TimeControl "180+1"]
[Date "2021.08.24"]
[WhiteClock "0:00:15"]
[BlackClock "0:00:05"]

1. e4 e6 2. g3 d5 3. Bg2 dxe4 4. Bxe4 Nf6 5. Bg2 Nc6 6. Ne2 e5 7. O-O Bc5 8. d3 O-O 9. Nbc3 h6 10. Na4 Bd6 11. b3 Nd4 12. Nxd4 exd4 13. Nb2 Bg4 14. Qd2 Re8 15. Re1 Qd7 16. f3 Bh3 17. Nc4 Nd5 18. Re4 Bxg2 19. Kxg2 Nc3 20. Bb2 Nxe4 21. fxe4 c5 22. Qf2 b5 23. Nd2 Re6 24. a4 b4 25. Nc4 Rae8 26. Qf5 Qc7 27. Qd5 g6 28. Rf1 Bf8 29. e5 Bg7 30. Bc1 Bxe5 31. Bxh6 Bd6 32. Bg5 Be7 33. Bf4 Qc8 34. Rf2 Bf8 35. Qf3 Qd7 36. Bg5 Bg7 37. h4 f5 38. h5 Qf7 39. hxg6 Qxg6 40. Qxf5 Qxf5 41. Rxf5 Re2+ 42. Rf2 Rxf2+ 43. Kxf2 Bf8 44. Bf4 Kf7 45. Ne5+ Ke6 46. Nc4 Kd5 47. Kf3 Be7 48. g4 Rf8 49. Kg3 Rg8 50. Nd2 Bg5 51. Ne4 Bxf4+ 52. Kxf4 Rf8+ 53. Kg3 Rf1 54. g5 Rc1 55. g6 Rg1+ 56. Kf3 Rxg6 57. Ke2 Rg2+ 58. Kd1 Rh2 59. Kc1 a6 60. Kb2 Rh5 61. Nd2 Rh3 62. Nc4 Rg3 63. Kb1 Kc6 64. Kb2 Kd5 65. Kb1 Rh3 66. Kb2 Rh1 67. Nb6+ Kc6 68. Nc4 Kd5 69. Nb6+ Kc6 70. Nc4 Kd5 1/2-1/2


[Site "https://www.chess.com"]

[Event "Titled Tuesday Blitz August 24 2021"]
[White "Kovalev, Vladislav"]
[Black "Farahat, Ali"]
[WhiteFideId "13504398"]
[BlackFideId "10600507"]
[WhiteElo "2573"]
[BlackElo "2321"]
[Result "1-0"]
[Round "07"]
[TimeControl "180+1"]
[Date "2021.08.24"]
[WhiteClock "0:00:06"]
[BlackClock "0:00:53"]

1. e4 e5 2. Nf3 Nc6 3. Bb5 a6 4. Ba4 Nf6 5. O-O Be7 6. d3 b5 7. Bb3 d6 8. a3 O-O 9. Nc3 Bg4 10. Be3 Nd4 11. Bxd4 exd4 12. Nd5 Nxd5 13. Bxd5 Rc8 14. h3 Bd7 15. a4 c6 16. Bb3 c5 17. axb5 axb5 18. Bd5 Be6 19. Bxe6 fxe6 20. Ra7 Rc7 21. Qa1 h6 22. Qa2 Rxa7 23. Qxa7 Kh7 24. Qb7 b4 25. Ra1 Rxf3 26. gxf3 Bh4 27. f4 Qf6 28. e5 Qxf4 29. Qe4+ Qxe4 30. dxe4 dxe5 31. b3 Kg6 32. Kg2 Kf7 33. Ra7+ Be7 34. Kf3 h5 35. Ke2 g5 36. f3 Kf6 37. Kd3 Bf8 38. Kc4 g4 39. hxg4 h4 40. Rh7 Kg5 41. Rh5+ Kf4 42. Rxh4 Kxf3 43. g5 Kg3 44. Rh7 1-0


[Site "https://www.chess.com"]

[Event "Titled Tuesday Blitz August 24 2021"]
[White "Kowalczyk, Pawel"]
[Black "Gracia Alvarez, Gerardo Antonio"]
[WhiteFideId "1130641"]
[BlackFideId "5109124"]
[WhiteElo "2325"]
[BlackElo "2148"]
[Result "1-0"]
[Round "07"]
[TimeControl "180+1"]
[Date "2021.08.24"]
[WhiteClock "0:01:42"]
[BlackClock "0:00:40"]

1. a3 e5 2. b4 d5 3. Bb2 Bd6 4. e3 Nf6 5. Nf3 Qe7 6. c4 c6 7. c5 Bc7 8. d4 Nbd7 9. Be2 O-O 10. Nc3 e4 11. Nd2 Re8 12. Nb3 Nf8 13. g4 Be6 14. h4 N6d7 15. Qd2 a5 16. bxa5 f5 17. gxf5 Bxf5 18. Na4 Qf6 19. Nb6 Rad8 20. O-O-O Ne6 21. Rdg1 Kh8 22. h5 Ng5 23. Bc3 Nf3 24. Bxf3 exf3 25. Kb2 Qf7 26. h6 g6 27. Nc1 Nf6 28. Qe1 Ne4 29. Bb4 Rb8 30. Na4 Ra8 31. Nb3 Bd8 32. Nc3 Qe6 33. Nxe4 Qxe4 34. Qc3 Bf6 35. Nd2 Qe7 36. Nxf3 Rf8 37. Ne5 Rae8 38. f4 g5 39. fxg5 Bxg5 40. Rh5 Rg8 41. Rhxg5 1-0


[Site "https://www.chess.com"]

[Event "Titled Tuesday Blitz August 24 2021"]
[White "Kucuksari, Kaan"]
[Black "Eswaran, Ashritha"]
[WhiteFideId "6380166"]
[BlackFideId "2080788"]
[WhiteElo "2300"]
[BlackElo "2452"]
[Result "1-0"]
[Round "07"]
[TimeControl "180+1"]
[Date "2021.08.24"]
[WhiteClock "0:01:44"]
[BlackClock "0:02:09"]

1. d4 Nf6 2. c4 e6 3. Nf3 c5 4. d5 exd5 5. cxd5 d6 6. Nc3 g6 7. g3 Bg7 8. Bg2 O-O 9. O-O Re8 10. Bf4 Bf5 11. Nh4 Bc8 12. Nf3 Bf5 13. Re1 Ne4 14. Nh4 Nxc3 15. bxc3 Be4 16. f3 g5 17. fxe4 gxf4 18. Nf5 Bxc3 19. gxf4 Qf6 20. Rb1 b6 21. Rf1 Nd7 22. Rf3 Nf8 23. Rb3 Bd4+ 24. e3 Rxe4 25. Rg3+ Ng6 26. Bxe4 Ba1 27. Kh1 Re8 28. Nh6+ Kg7 29. Ng4 Rxe4 30. Nxf6 Bxf6 31. f5 1-0


[Site "https://www.chess.com"]

[Event "Titled Tuesday Blitz August 24 2021"]
[White "Kuzubov, Yuriy"]
[Black "Papasimakopoulos, Alexandros"]
[WhiteFideId "14112906"]
[BlackFideId "4244125"]
[WhiteElo "2564"]
[BlackElo "2352"]
[Result "1/2-1/2"]
[Round "07"]
[TimeControl "180+1"]
[Date "2021.08.24"]
[WhiteClock "0:00:14"]
[BlackClock "0:00:34"]

1. d4 e6 2. c4 Nf6 3. Nf3 Bb4+ 4. Bd2 Qe7 5. g3 Nc6 6. Nc3 b6 7. Bg2 Na5 8. Nb5 Bxd2+ 9. Nxd2 d5 10. cxd5 exd5 11. Rc1 c6 12. Nc3 O-O 13. O-O Nb7 14. e4 dxe4 15. Ndxe4 Bd7 16. Re1 Nxe4 17. Nxe4 Qd8 18. d5 Rc8 19. b4 c5 20. bxc5 Nxc5 21. Nxc5 Rxc5 22. d6 Rxc1 23. Qxc1 Be6 24. Qa3 Qd7 25. h4 Rd8 26. Rd1 h5 27. Qb2 Qa4 28. Rd2 Qc4 29. Rd4 Qxa2 30. Qc3 Qb3 31. Qc7 Rd7 32. Qb8+ Kh7 33. Bc6 Qc3 34. Bxd7 Bxd7 35. Qc7 Qxd4 36. Qxd7 Qd1+ 37. Kh2 Qf3 38. Kg1 Qd1+ 39. Kg2 Qd5+ 40. f3 Qd2+ 41. Kh3 Qd5 42. Kg2 Qd2+ 43. Kh3 Qd5 44. Kg2 1/2-1/2


[Site "https://www.chess.com"]

[Event "Titled Tuesday Blitz August 24 2021"]
[White "MATHEUSMDR2005"]
[Black "Urazayev, Arystanbek"]
[BlackFideId "13709810"]
[WhiteElo "2462"]
[BlackElo "2321"]
[Result "0-1"]
[Round "07"]
[TimeControl "180+1"]
[Date "2021.08.24"]
[WhiteClock "0:00:15"]
[BlackClock "0:01:12"]

1. c4 e5 2. Nc3 Bb4 3. Nd5 Bc5 4. g3 c6 5. Nc3 Nf6 6. Bg2 d5 7. cxd5 cxd5 8. d3 O-O 9. Nf3 Re8 10. O-O Nc6 11. Bg5 Be6 12. Rc1 Be7 13. d4 e4 14. Ne5 Rc8 15. f3 Nxd4 16. fxe4 dxe4 17. Nxe4 Rxc1 18. Bxc1 Nxe4 19. Bxe4 Bxa2 20. Be3 Bc5 21. Bf4 Nf3+ 22. Kg2 Qxd1 23. Rxd1 Nxe5 24. Bxb7 Ng6 25. Bc6 Rxe2+ 26. Kf3 Nxf4 27. gxf4 Re3+ 28. Kg4 g6 29. h4 Be6+ 30. Kg5 Kg7 31. f5 Bxf5 32. h5 h6+ 33. Kf4 Kf6 34. hxg6 fxg6 35. Rd6+ Bxd6+ 36. Kxe3 Be5 0-1


[Site "https://www.chess.com"]

[Event "Titled Tuesday Blitz August 24 2021"]
[White "Maghsoodloo, Parham"]
[Black "Nakamura, Hikaru"]
[WhiteFideId "12539929"]
[BlackFideId "2016192"]
[WhiteElo "2601"]
[BlackElo "2900"]
[Result "1-0"]
[Round "07"]
[TimeControl "180+1"]
[Date "2021.08.24"]
[WhiteClock "0:00:05"]
[BlackClock "0:00:07"]

1. d4 Nf6 2. c4 Nc6 3. Nf3 e6 4. g3 g6 5. Bg2 d6 6. O-O Bg7 7. d5 Ne7 8. Nc3 e5 9. Ne1 O-O 10. e4 c5 11. Nd3 Nd7 12. f4 f5 13. Be3 b6 14. Qd2 fxe4 15. Nxe4 Nf5 16. Bf2 exf4 17. Nxf4 Ne5 18. Ne6 Bxe6 19. dxe6 Nxc4 20. Qd5 Nce3 21. Bxe3 Nxe3 22. Rxf8+ Qxf8 23. Nf6+ Bxf6 24. Qxa8 Qxa8 25. Bxa8 Bxb2 26. Re1 Bd4 27. e7 Kf7 28. e8=Q+ Kxe8 29. Kf2 Kf7 30. Rxe3 Bxe3+ 31. Kxe3 b5 32. h4 a5 33. g4 g5 34. hxg5 Kg6 35. Kf4 c4 36. Be4+ Kg7 37. Ke3 h6 38. g6 b4 39. Kd4 c3 40. Kd5 Kf6 41. Bc2 a4 42. Bxa4 Kxg6 43. Kc4 Kg5 44. Bd1 c2 45. Bxc2 Kxg4 46. Kxb4 Kf4 47. Kc4 Ke5 48. Bd1 d5+ 49. Kc5 d4 50. Bf3 d3 51. Kc4 d2 52. Kd3 Kf4 53. Bd1 1-0


[Site "https://www.chess.com"]

[Event "Titled Tuesday Blitz August 24 2021"]
[White "Makhnev, Denis"]
[Black "Khusnutdinov, Rustam"]
[WhiteFideId "13707647"]
[BlackFideId "13701703"]
[WhiteElo "2537"]
[BlackElo "2571"]
[Result "0-1"]
[Round "07"]
[TimeControl "180+1"]
[Date "2021.08.24"]
[WhiteClock "0:00:34"]
[BlackClock "0:01:07"]

1. Nf3 d5 2. d4 a6 3. Bf4 e6 4. e3 c5 5. c4 dxc4 6. Bxc4 b5 7. Be2 Bb7 8. O-O Nf6 9. Nc3 Nbd7 10. Ne5 Nxe5 11. Bxe5 Bd6 12. Bxd6 Qxd6 13. dxc5 Qxc5 14. Bf3 Bxf3 15. Qxf3 O-O 16. Ne4 Nxe4 17. Qxe4 Rac8 18. Rfd1 Rfd8 19. h4 h6 20. b4 Qe7 21. a3 Rc4 22. Rxd8+ Qxd8 23. Qb7 Rxh4 24. Qxa6 Rh5 25. Qc6 Qh4 0-1


[Site "https://www.chess.com"]

[Event "Titled Tuesday Blitz August 24 2021"]
[White "Maly, Alexey"]
[Black "Aghasiyev, Kamal"]
[WhiteFideId "14103184"]
[BlackFideId "13402854"]
[WhiteElo "2250"]
[BlackElo "2210"]
[Result "0-1"]
[Round "07"]
[TimeControl "180+1"]
[Date "2021.08.24"]
[WhiteClock "0:00:10"]
[BlackClock "0:00:25"]

1. e4 e5 2. Nf3 Nc6 3. Bb5 a6 4. Bxc6 dxc6 5. O-O f6 6. d4 exd4 7. Nxd4 c5 8. Nb3 Qxd1 9. Rxd1 Bg4 10. f3 Bd7 11. Be3 c4 12. Na5 b5 13. a4 Bb4 14. Bd2 Bc5+ 15. Kf1 Bb6 16. Na3 Nh6 17. axb5 axb5 18. Nb7 Bc6 19. Nxc4 Bxb7 20. Nxb6 cxb6 21. Rxa8+ Bxa8 22. Ra1 Kf7 23. Ra6 Rc8 24. c3 Ng8 25. Rxb6 Bc6 26. Ra6 Rc7 27. Bf4 Bb7 28. Ra7 Rd7 29. Ke1 Ne7 30. Ra5 Bc6 31. Ra6 Rb7 32. Bd6 Bd7 33. Bb4 Nc6 34. Bc5 Ne5 35. b3 Nd3+ 0-1


[Site "https://www.chess.com"]